| TOP OF THE 1ST |
|
Miami (APP) Marlins batting - Pitching for San Diego (APP) Padres : RHP Roger Watkins
|
|
Pitching: RHP Roger Watkins
|
|
|
Batting: RHB Adrian Bocker
|
0-0: Ball 1-0: Ball 2-0: Foul Ball, location: 2F 2-1: Ball 3-1: Base on Balls
|
|
Batting: RHB Jason Thrash
|
0-0: Ball 1-0: Called Strike 1-1: Called Strike 1-2: Ball 2-2: Strikes out looking
|
|
Batting: RHB Mario Cota
|
0-0: Ball 1-0: Called Strike 1-1: Called Strike 1-2: Ball 2-2: Fly out, F8 (Flyball, 8RD, EV 95.6 MPH)
|
|
Batting: SHB Matt Moore
|
0-0: Called Strike 0-1: Foul Ball, location: 2F 0-2: Strikes out swinging
|
| Top of the 1st over - 0 runs, 0 hits, 0 errors, 1 left on base; Miami (APP) 0 - San Diego (APP) 0 |
| BOTTOM OF THE 1ST |
|
San Diego (APP) Padres batting - Pitching for Miami (APP) Marlins : LHP Mike Wasson
|
|
Pitching: LHP Mike Wasson
|
|
|
Batting: SHB Yutaro Takahashi
|
0-0: Swinging Strike 0-1: Swinging Strike 0-2: Ball 1-2: Strikes out swinging
|
|
Batting: LHB Phil Lerner
|
0-0: Ball 1-0: Foul Ball, location: 2F 1-1: Swinging Strike 1-2: Ground out 6-3 (Groundball, 6, EV 100.6 MPH)
|
|
Batting: RHB Antonio Lara
|
0-0: Ball 1-0: Swinging Strike 1-1: Ball 2-1: Ball 3-1: Called Strike 3-2: Base on Balls
|
|
Batting: RHB Freddie Brown
|
0-0: Ball 1-0: Ball 2-0: Ball 3-0: Base on Balls Antonio Lara to second
|
|
Pitching: RHP Matt Alexander
|
|
|
Batting: LHB Sammy Roddenberry
|
0-0: Foul Ball, location: 2F 0-1: Foul Ball, location: 2F 0-2: Ball 1-2: Fly out, F5 (Flyball, 5D, EV 85.0 MPH)
|
| Bottom of the 1st over - 0 runs, 0 hits, 0 errors, 2 left on base; Miami (APP) 0 - San Diego (APP) 0 |
| TOP OF THE 2ND |
|
Miami (APP) Marlins batting - Pitching for San Diego (APP) Padres : RHP Roger Watkins
|
|
Batting: RHB Keith Bennett
|
0-0: Ball 1-0: Swinging Strike 1-1: SINGLE (Line Drive, 56D, EV 96.2 MPH)
|
|
Batting: RHB Rick Knoblauch
|
0-0: Foul Ball, location: 2F 0-1: SINGLE (Flyball, 4D, EV 95.6 MPH) Keith Bennett to second
|
|
Batting: LHB Gavrilo Brkic
|
0-0: Ball 1-0: Called Strike 1-1: Foul Ball, location: 2F 1-2: Strikes out looking
|
|
Batting: LHB Melvin Castro
|
0-0: Ball 1-0: Foul Ball, location: 2F 1-1: Swinging Strike 1-2: Ball 2-2: Strikes out swinging
|
|
Batting: LHB Bryan Wedge
|
0-0: Ball 1-0: Ball 2-0: Swinging Strike 2-1: Foul Ball, location: 2F 2-2: Strikes out swinging
|
| Top of the 2nd over - 0 runs, 2 hits, 0 errors, 2 left on base; Miami (APP) 0 - San Diego (APP) 0 |
| BOTTOM OF THE 2ND |
|
San Diego (APP) Padres batting - Pitching for Miami (APP) Marlins : RHP Matt Alexander
|
|
Batting: RHB Wally Cangro
|
0-0: Ball 1-0: Called Strike 1-1: Ball 2-1: Ground out 4-3 (Groundball, 4, EV 91.9 MPH)
|
|
Batting: RHB Max Stillo
|
0-0: DOUBLE (Line Drive, 9LS, EV 95.0 MPH)
|
|
Batting: RHB Brent Little
|
0-0: Ball 1-0: Called Strike 1-1: Swinging Strike 1-2: Ball 2-2: Foul Ball, location: 2F 2-2: Foul Ball, location: 2F 2-2: Foul Ball, location: 2F 2-2: Foul Ball, location: 2F 2-2: Ball 3-2: Foul Ball, location: 2F 3-2: Foul Ball, location: 2F 3-2: Base on Balls
|
|
Pitching: LHP Tyler Murders
|
|
|
Batting: RHB Justin Blount
|
0-0: Called Strike 0-1: Ball 1-1: Called Strike 1-2: Reached on error, E6 (Groundball, 6, EV 107.5 MPH) Max Stillo to third Brent Little to second
|
|
Batting: SHB Yutaro Takahashi
|
0-0: Ball 1-0: Ball 2-0: Called Strike 2-1: Ball 3-1: Foul Ball, location: 2F 3-2: Foul Ball, location: 2F 3-2: Base on Balls Max Stillo scores Brent Little to third Justin Blount to second
|
|
Batting: LHB Phil Lerner
|
0-0: Ball 1-0: Foul Ball, location: 2F 1-1: Called Strike 1-2: Strikes out looking
|
|
Batting: RHB Antonio Lara
|
0-0: Ball 1-0: Foul Ball, location: 2F 1-1: Ball 2-1: DOUBLE (Groundball, 5L, EV 98.8 MPH) Brent Little scores Justin Blount scores Yutaro Takahashi to third Runner from 3rd tries for Home, SAFE, throw by LF to home
|
|
Batting: RHB Freddie Brown
|
0-0: Ball 1-0: Ball 2-0: Called Strike 2-1: Called Strike 2-2: Ball 3-2: Base on Balls
|
|
Batting: LHB Sammy Roddenberry
|
0-0: Called Strike 0-1: Swinging Strike 0-2: Foul Ball, location: 2F 0-2: Foul Ball, location: 2F 0-2: Ball 1-2: Foul Ball, location: 2F 1-2: Strikes out swinging
|
| Bottom of the 2nd over - 4 runs, 2 hits, 1 error, 2 left on base; Miami (APP) 0 - San Diego (APP) 4 |
| TOP OF THE 3RD |
|
Miami (APP) Marlins batting - Pitching for San Diego (APP) Padres : RHP Roger Watkins
|
|
Batting: RHB Adrian Bocker
|
0-0: Called Strike 0-1: Ball 1-1: Swinging Strike 1-2: Ball 2-2: Foul Ball, location: 2F 2-2: Fly out, F5 (Popup, 56, EV 65.0 MPH)
|
|
Batting: RHB Jason Thrash
|
0-0: Ball 1-0: Foul Ball, location: 2F 1-1: Called Strike 1-2: Strikes out swinging
|
|
Batting: RHB Mario Cota
|
0-0: Foul Ball, location: 2F 0-1: Foul Ball, location: 2F 0-2: Strikes out looking
|
| Top of the 3rd over - 0 runs, 0 hits, 0 errors, 0 left on base; Miami (APP) 0 - San Diego (APP) 4 |
| BOTTOM OF THE 3RD |
|
San Diego (APP) Padres batting - Pitching for Miami (APP) Marlins : LHP Tyler Murders
|
|
Batting: RHB Wally Cangro
|
0-0: Foul Ball, location: 2F 0-1: Called Strike 0-2: Foul Ball, location: 2F 0-2: Ball 1-2: Foul Ball, location: 2F 1-2: Foul Ball, location: 2F 1-2: Ball 2-2: Ball 3-2: Base on Balls
|
|
Batting: RHB Max Stillo
|
0-0: Ball 1-0: Called Strike 1-1: Called Strike 1-2: Ball 2-2: Ball 3-2: Base on Balls Wally Cangro to second
|
|
Batting: RHB Brent Little
|
0-0: Ball Wally Cangro steals 3rd, throwing error, E2 Wally Cangro scores Max Stillo to third 1-0: Foul Ball, location: 2F 1-1: Ball 2-1: Ball 3-1: Called Strike 3-2: Base on Balls
|
|
Batting: RHB Justin Blount
|
0-0: Swinging Strike 0-1: Called Strike 0-2: Ball 1-2: Foul Ball, location: 2F 1-2: DOUBLE (Line Drive, 89D, EV 114.4 MPH) Max Stillo scores Brent Little to third
|
|
Batting: SHB Yutaro Takahashi
|
0-0: Ball 1-0: Ground out 6-3 (Groundball, 6, EV 90.0 MPH) Brent Little scores
|
|
Batting: LHB Phil Lerner
|
0-0: Called Strike 0-1: Ball 1-1: Ground out 6-3 (Groundball, 6, EV 90.0 MPH)
|
|
Pitching: RHP Adam Brown
|
|
|
Batting: RHB Antonio Lara
|
0-0: Hit by Pitch
|
|
Batting: RHB Freddie Brown
|
0-0: Ball 1-0: Ball 2-0: Called Strike 2-1: Foul Ball, location: 2F 2-2: Ball 3-2: Strikes out swinging
|
| Bottom of the 3rd over - 3 runs, 1 hit, 1 error, 2 left on base; Miami (APP) 0 - San Diego (APP) 7 |
| TOP OF THE 4TH |
|
Miami (APP) Marlins batting - Pitching for San Diego (APP) Padres : RHP Roger Watkins
|
|
Batting: SHB Matt Moore
|
0-0: Ball 1-0: Ball 2-0: Ball 3-0: Base on Balls
|
|
Batting: RHB Keith Bennett
|
0-0: Called Strike 0-1: Ball 1-1: Called Strike 1-2: Fielders Choice at 2nd, 6-4 (Groundball, 6M, EV 86.9 MPH)
|
|
Batting: RHB Rick Knoblauch
|
0-0: Ball 1-0: Foul Ball, location: 2F 1-1: Foul Ball, location: 2F 1-2: Strikes out swinging
|
|
Batting: LHB Gavrilo Brkic
|
0-0: Ball 1-0: Foul Ball, location: 2F 1-1: Called Strike 1-2: Strikes out swinging
|
| Top of the 4th over - 0 runs, 0 hits, 0 errors, 1 left on base; Miami (APP) 0 - San Diego (APP) 7 |
| BOTTOM OF THE 4TH |
|
San Diego (APP) Padres batting - Pitching for Miami (APP) Marlins : RHP Adam Brown
|
|
Batting: LHB Sammy Roddenberry
|
0-0: Ball 1-0: SINGLE (Groundball, 56S, EV 66.9 MPH) (infield hit)
|
|
Batting: RHB Wally Cangro
|
0-0: DOUBLE (Line Drive, 89D, EV 99.4 MPH) Sammy Roddenberry to third
|
|
Batting: RHB Max Stillo
|
0-0: Called Strike 0-1: Ball 1-1: Ball 2-1: Foul Ball, location: 2F 2-2: Foul Ball, location: 2F 2-2: Ball 3-2: Base on Balls
|
|
Batting: RHB Brent Little
|
0-0: Ball 1-0: Swinging Strike 1-1: Ball 2-1: Swinging Strike 2-2: Foul Ball, location: 2F 2-2: Fielders Choice at 2nd, 3-6 (Groundball, 34S, EV 83.8 MPH) Sammy Roddenberry scores Wally Cangro to third
|
|
Batting: RHB Justin Blount
|
0-0: Ball 1-0: Foul Ball, location: 2F 1-1: Called Strike 1-2: Ball 2-2: Ball 3-2: Base on Balls Brent Little to second
|
|
Batting: SHB Yutaro Takahashi
|
0-0: Called Strike 0-1: Ball 1-1: Foul Ball, location: 2F 1-2: Ball 2-2: Ball 3-2: Strikes out swinging
|
|
Batting: LHB Phil Lerner
|
0-0: Called Strike 0-1: Ball 1-1: Foul Ball, location: 2F 1-2: Foul Ball, location: 2F 1-2: Hit by Pitch Wally Cangro scores Brent Little to third Justin Blount to second
|
|
Batting: RHB Antonio Lara
|
0-0: Ball Wild Pitch! Brent Little scores Justin Blount to third Phil Lerner to second 1-0: Swinging Strike 1-1: Foul Ball, location: 2F 1-2: Ball 2-2: Ball 3-2: Foul Ball, location: 2F 3-2: Base on Balls
|
|
Pitching: RHP Jeremy Akande
|
|
|
Batting: RHB Freddie Brown
|
0-0: Ball 1-0: Ball 2-0: Called Strike 2-1: Ball 3-1: Foul Ball, location: 2F 3-2: Ground out 6-3 (Groundball, 6M, EV 78.8 MPH)
|
| Bottom of the 4th over - 3 runs, 2 hits, 0 errors, 3 left on base; Miami (APP) 0 - San Diego (APP) 10 |
| TOP OF THE 5TH |
|
Miami (APP) Marlins batting - Pitching for San Diego (APP) Padres : RHP Roger Watkins
|
|
Batting: LHB Melvin Castro
|
0-0: Swinging Strike 0-1: Ball 1-1: Ground out 3-1 (Groundball, 13, EV 80.6 MPH)
|
|
Batting: LHB Bryan Wedge
|
0-0: Called Strike 0-1: Called Strike 0-2: Strikes out swinging
|
|
Batting: RHB Adrian Bocker
|
0-0: Ground out 1-3 (Groundball, P, EV 71.9 MPH)
|
| Top of the 5th over - 0 runs, 0 hits, 0 errors, 0 left on base; Miami (APP) 0 - San Diego (APP) 10 |
| BOTTOM OF THE 5TH |
|
San Diego (APP) Padres batting - Pitching for Miami (APP) Marlins : RHP Jeremy Akande
|
|
Batting: LHB Sammy Roddenberry
|
0-0: Called Strike 0-1: Swinging Strike 0-2: Ball 1-2: DOUBLE (Flyball, 78D, EV 103.1 MPH)
|
|
Batting: RHB Wally Cangro
|
0-0: SINGLE (Groundball, 56S, EV 74.4 MPH) (infield hit) Sammy Roddenberry to third
|
|
Batting: RHB Max Stillo
|
0-0: Ball 1-0: Foul Ball, location: 2F 1-1: Ball 2-1: Ball 3-1: Foul Ball, location: 2F 3-2: Base on Balls Wally Cangro to second
|
|
Batting: RHB Brent Little
|
0-0: Ball Passed Ball! Sammy Roddenberry scores Wally Cangro to third Max Stillo to second 1-0: Swinging Strike 1-1: Called Strike 1-2: Ground out 4-3 (Groundball, 4, EV 101.9 MPH) Wally Cangro scores Max Stillo to third
|
|
Batting: RHB Justin Blount
|
0-0: Ball 1-0: Swinging Strike 1-1: Swinging Strike 1-2: TRIPLE (Line Drive, 89XD, EV 105.6 MPH) Max Stillo scores
|
|
Batting: SHB Yutaro Takahashi
|
0-0: Called Strike 0-1: Called Strike 0-2: Foul Ball, location: 2F 0-2: Ball 1-2: Strikes out looking
|
|
Batting: LHB Phil Lerner
|
0-0: Called Strike 0-1: SINGLE (Groundball, 6MD, EV 95.6 MPH) Justin Blount scores
|
|
Batting: RHB Antonio Lara
|
0-0: Called Strike 0-1: Ball 1-1: Called Strike 1-2: Ball 2-2: Strikes out swinging
|
| Bottom of the 5th over - 4 runs, 4 hits, 0 errors, 1 left on base; Miami (APP) 0 - San Diego (APP) 14 |
| TOP OF THE 6TH |
|
Miami (APP) Marlins batting - Pitching for San Diego (APP) Padres : RHP Roger Watkins
|
|
Batting: RHB Jason Thrash
|
0-0: Ball 1-0: Ball 2-0: Ball 3-0: Called Strike 3-1: Base on Balls
|
|
Batting: RHB Mario Cota
|
0-0: Ball 1-0: Called Strike 1-1: Ground out 6-3 (Groundball, 6S, EV 71.9 MPH) Jason Thrash to second
|
|
Batting: SHB Matt Moore
|
0-0: Called Strike 0-1: SINGLE (Groundball, 4D, EV 103.8 MPH) Jason Thrash to third
|
|
Batting: RHB Keith Bennett
|
0-0: Ball 1-0: Called Strike 1-1: Fly out, F7 (Flyball, 78M, EV 86.9 MPH) Runner from 3rd tags up, SCORES, throw by LF
|
|
Batting: RHB Rick Knoblauch
|
0-0: Called Strike 0-1: Ground out 5-3 (Groundball, 56S, EV 88.1 MPH)
|
| Top of the 6th over - 1 run, 1 hit, 0 errors, 1 left on base; Miami (APP) 1 - San Diego (APP) 14 |
| BOTTOM OF THE 6TH |
|
San Diego (APP) Padres batting - Pitching for Miami (APP) Marlins : RHP Jeremy Akande
|
|
Batting: RHB Freddie Brown
|
0-0: SINGLE (Groundball, 56D, EV 109.4 MPH)
|
|
Batting: LHB Sammy Roddenberry
|
0-0: Ball 1-0: Fly out, F7 (Flyball, 78D, EV 96.9 MPH)
|
|
Batting: RHB Wally Cangro
|
0-0: Called Strike 0-1: SINGLE (Line Drive, 9S, EV 107.5 MPH) Freddie Brown to second
|
|
Batting: RHB Max Stillo
|
0-0: Fielders Choice at 2nd, 3-6 (Groundball, 34S, EV 80.6 MPH) Freddie Brown to third
|
|
Batting: RHB Brent Little
|
0-0: Called Strike 0-1: Ball 1-1: Ball 2-1: Swinging Strike 2-2: Ball 3-2: Strikes out swinging
|
| Bottom of the 6th over - 0 runs, 2 hits, 0 errors, 2 left on base; Miami (APP) 1 - San Diego (APP) 14 |
| TOP OF THE 7TH |
|
Miami (APP) Marlins batting - Pitching for San Diego (APP) Padres : RHP Roger Watkins
|
|
Batting: LHB Gavrilo Brkic
|
0-0: Ground out 1-3 (Groundball, 15S, EV 69.4 MPH)
|
|
Batting: LHB Melvin Castro
|
0-0: Called Strike 0-1: Called Strike 0-2: Strikes out swinging
|
|
Batting: LHB Bryan Wedge
|
0-0: Swinging Strike 0-1: Ball 1-1: Ball 2-1: Called Strike 2-2: Foul Ball, location: 2F 2-2: Foul Ball, location: 2F 2-2: Ball 3-2: Foul Ball, location: 2F 3-2: Foul Ball, location: 2F 3-2: Foul Ball, location: 2F 3-2: Fly out, F7 (Flyball, 78S, EV 82.5 MPH)
|
| Top of the 7th over - 0 runs, 0 hits, 0 errors, 0 left on base; Miami (APP) 1 - San Diego (APP) 14 |
| BOTTOM OF THE 7TH |
|
San Diego (APP) Padres batting - Pitching for Miami (APP) Marlins : RHP Jeremy Akande
|
|
Batting: RHB Justin Blount
|
0-0: Ball 1-0: Called Strike 1-1: Foul Ball, location: 2F 1-2: Ball 2-2: Ball 3-2: Foul Ball, location: 2F 3-2: Base on Balls
|
|
Batting: SHB Yutaro Takahashi
|
0-0: Ball 1-0: Ball 2-0: Ball 3-0: Base on Balls Justin Blount to second
|
|
Batting: LHB Phil Lerner
|
0-0: Ball 1-0: Ball 2-0: Ball 3-0: Base on Balls Justin Blount to third Yutaro Takahashi to second
|
|
Pinch Hitting: RHB Tyler West
|
0-0: Ball 1-0: Fly out, F9 (Flyball, 9LM, EV 85.0 MPH) Runner from 3rd tags up, SCORES, throw by RF Yutaro Takahashi to third
|
|
Batting: RHB Freddie Brown
|
0-0: Ball 1-0: Called Strike 1-1: Ball 2-1: Foul Ball, location: 2F 2-2: Ball 3-2: Foul Ball, location: 2F 3-2: 3-RUN HOME RUN (Flyball, 7LD, EV 95.6 MPH), Distance : 345 ft
|
|
Batting: LHB Sammy Roddenberry
|
0-0: TRIPLE (Flyball, 8LXD, EV 100.6 MPH)
|
|
Batting: RHB Wally Cangro
|
0-0: TRIPLE (Flyball, 89XD, EV 98.1 MPH) Sammy Roddenberry scores
|
|
Batting: RHB Max Stillo
|
0-0: DOUBLE (Line Drive, 3D, EV 96.9 MPH) Wally Cangro scores
|
|
Batting: RHB Brent Little
|
0-0: Called Strike 0-1: Ball 1-1: SINGLE (Flyball, 9S, EV 89.4 MPH) Max Stillo to third Runner from 3rd tries for Home, SAFE, throw by RF to home
|
|
Batting: RHB Justin Blount
|
0-0: Fielders Choice at 2nd, 5-4 (Groundball, 56, EV 101.2 MPH)
|
|
Batting: SHB Yutaro Takahashi
|
0-0: Ball 1-0: Ball 2-0: Called Strike 2-1: Ball 3-1: Base on Balls Justin Blount to second
|
|
Batting: LHB Phil Lerner
|
0-0: Ball 1-0: Called Strike 1-1: Ball 2-1: Ball 3-1: Base on Balls Justin Blount to third Yutaro Takahashi to second
|
|
Batting: RHB Tyler West
|
0-0: Ground out 5-3 (Groundball, 56S, EV 74.4 MPH)
|
| Bottom of the 7th over - 7 runs, 5 hits, 0 errors, 3 left on base; Miami (APP) 1 - San Diego (APP) 21 |
| TOP OF THE 8TH |
|
Miami (APP) Marlins batting - Pitching for San Diego (APP) Padres : RHP Roger Watkins
|
|
Pitching: RHP Nick Goodlow
|
|
|
Now at 2B: Tyler West
|
|
|
Batting: RHB Adrian Bocker
|
0-0: Foul Ball, location: 2F 0-1: Ball 1-1: Ball 2-1: Fly out, F8 (Flyball, 8RD, EV 97.5 MPH)
|
|
Batting: RHB Jason Thrash
|
0-0: Called Strike 0-1: Ball 1-1: Ball 2-1: Called Strike 2-2: Ball 3-2: Strikes out swinging
|
|
Batting: RHB Mario Cota
|
0-0: Swinging Strike 0-1: Foul Ball, location: 2F 0-2: Ball 1-2: Strikes out swinging
|
| Top of the 8th over - 0 runs, 0 hits, 0 errors, 0 left on base; Miami (APP) 1 - San Diego (APP) 21 |
| BOTTOM OF THE 8TH |
|
San Diego (APP) Padres batting - Pitching for Miami (APP) Marlins : RHP Jeremy Akande
|
|
Batting: RHB Freddie Brown
|
0-0: Ball 1-0: Called Strike 1-1: Called Strike 1-2: Ball 2-2: Ball 3-2: Foul Ball, location: 2F 3-2: Base on Balls
|
|
Batting: LHB Sammy Roddenberry
|
0-0: Fielders Choice at 2nd, 6-4 (Groundball, 6, EV 102.5 MPH)
|
|
Batting: RHB Wally Cangro
|
0-0: Swinging Strike 0-1: Called Strike 0-2: Ball 1-2: Strikes out swinging
|
|
Batting: RHB Max Stillo
|
0-0: Fielders Choice at 2nd, 6-4 (Groundball, 56D, EV 89.4 MPH)
|
| Bottom of the 8th over - 0 runs, 0 hits, 0 errors, 1 left on base; Miami (APP) 1 - San Diego (APP) 21 |
| TOP OF THE 9TH |
|
Miami (APP) Marlins batting - Pitching for San Diego (APP) Padres : RHP Nick Goodlow
|
|
Batting: SHB Matt Moore
|
0-0: Ground out U3 (Groundball, 3L, EV 80.0 MPH)
|
|
Batting: RHB Keith Bennett
|
0-0: Foul Ball, location: 2F 0-1: Swinging Strike 0-2: Ball 1-2: Strikes out swinging
|
|
Batting: RHB Rick Knoblauch
|
0-0: Ball 1-0: SINGLE (Line Drive, 6D, EV 98.1 MPH)
|
|
Batting: LHB Gavrilo Brkic
|
0-0: Called Strike 0-1: Swinging Strike 0-2: Strikes out swinging
|
| Top of the 9th over - 0 runs, 1 hit, 0 errors, 1 left on base; Miami (APP) 1 - San Diego (APP) 21 |
|